 Dungeon Sprint DCSS version 0.19.1 (webtiles) character file.

433 KingBobo974 the Spear-Bearer (level 7, -2/50 HPs)
             Began as a Merfolk Skald on Dec 17, 2016.
             Was a Believer of Okawaru.
             Slain by a polar bear (5 damage)
             ... in the Dungeon (Sprint V: "Ziggurat Sprint").
             The game lasted 00:04:43 (236 turns).

KingBobo974 the Spear-Bearer (Merfolk Skald)         Turns: 236, Time: 00:04:43

Health: -2/50      AC: 25    Str: 17    XL:     7   Next: 0%
Magic:  13/17      EV: -5    Int: 20    God:    Okawaru [**....]
Gold:   0          SH: 25    Dex: 13    Spells: 1 memorised, 18 levels left

rFire  + . .     SeeInvis +     H - +8 lance "Wyrmbane" {slay drac, rPois rF+ rC+ AC+3}
rCold  + . .     Gourm    .     k - +5 crystal plate armour
rNeg   + . .     Faith    .     I - +18 shield of the Gong {rElec rN+ MR+ EV-5}
rPois  +         Spirit   .     (no helmet)
rElec  +         Reflect  .     (no cloak)
rCorr  .         Harm     .     (no gloves)
MR     +....     NoTele   +     (no boots)
Stlth  ..........               (no amulet)
                                J - ring "Viuw" {rPois Str+5 SInv}
                                C - +6 ring of intelligence

@: very slightly contaminated
A: change form in water, swift swim, stealthy swim
a: Heroism, Renounce Religion


You were in the Dungeon.
You worshipped Okawaru.
Okawaru was pleased with you.
You were not hungry.

You visited 1 branch

Inventory:

Hand Weapons
 a - a +0 spear
 H - the +8 lance "Wyrmbane" (weapon) {slay drac, rPois rF+ rC+ AC+3}
   (You found it in the Dungeon)

   It affects your AC (+3).
   It protects you from fire.
   It protects you from cold.
   It protects you from poison.
Armour
 b - a +0 leather armour
 k - a +5 crystal plate armour (worn)
 I - the +18 shield of the Gong (worn) {rElec rN+ MR+ EV-5}
   (You found it in the Dungeon)

   It affects your evasion (-5).
   It insulates you from electricity.
   It protects you from negative energy.
   It affects your resistance to hostile enchantments.
Jewellery
 y - a +6 ring of dexterity
 B - a +6 ring of dexterity
 C - a +6 ring of intelligence (left hand)
 D - a +6 ring of intelligence
 E - a +6 ring of strength
 F - a +6 ring of strength
 G - an uncursed ring of flight
 J - the ring "Viuw" (right hand) {rPois Str+5 SInv}
   (You found it in the Dungeon)

   [ring of poison resistance]

   It affects your strength (+5).
   It protects you from poison.
   It lets you see invisible.
Scrolls
 j - 4 scrolls of blinking
 r - 4 scrolls of amnesia
 s - 3 scrolls of recharging
 t - 7 scrolls of fog
 u - a scroll of holy word
 v - 5 scrolls of identify
 w - 5 scrolls of remove curse
 x - 2 scrolls of fear
Potions
 e - 10 potions of curing
 f - 9 potions of heal wounds
 g - 6 potions of haste
 h - 7 potions of magic
 i - 3 potions of berserk rage
 l - 2 potions of brilliance
 m - 2 potions of invisibility
 n - 4 potions of resistance
 o - a potion of experience
 p - 5 potions of agility
 q - 5 potions of might
Books
 c - a book of Battle

   Spells                             Type                      Level
   a - Infusion                       Charms                       1
   b - Shroud of Golubria             Charms/Translocation         2
   c - Song of Slaying                Charms                       2
   d - Spectral Weapon                Hexes/Charms                 3
   e - Regeneration                   Charms/Necromancy            3
Comestibles
 d - 5 bread rations
 z - 42 fruits
 A - 4 meat rations
 K - 3 royal jellies


   Skills:
 - Level 2.1 Fighting
 * Level 10.6 Polearms
 * Level 5.4 Armour
 - Level 1.3 Dodging
 * Level 6.9 Spellcasting
 * Level 8.6 Charms


You had 18 spell levels left.
You knew the following spells:

 Your Spells              Type           Power        Failure   Level  Hunger
a - Infusion              Chrm           ####         100%        1    None


Dungeon Overview and Level Annotations

Branches:
Dungeon (1/1)

Altars:
Ashenzari
Cheibriados
Dithmenos
Elyvilon
Fedhas
Gozag
Hepliaklqana
Kikubaaqudgha
Makhleb
Nemelex Xobeh
Okawaru
Qazlal
Ru
Sif Muna
Trog
Uskayaw
Vehumet
Xom
Yredelemnul
Zin
The Shining One
Beogh
Jiyva
Lugonu


Message History

You block the polar bear's attack.
BONNNG!
Your shield and crystal plate armour prevent you from hitting the polar bear.
The polar bear is almost dead.
You block the polar bear's attack.
PANG!
You block the polar bear's attack.
PTOANNNG!
You block the polar bear's attack.
SHROANNG!
The ice beast hits you.
* * * LOW HITPOINT WARNING * * *
The ice beast freezes you! You resist.
* * * LOW HITPOINT WARNING * * *
The polar bear bites you.
* * * LOW HITPOINT WARNING * * *
You block the polar bear's attack.
BONNNG!
The polar bear claws you.
You die...

▓.....▓.....▓▓▓▓▓▓▓
▓▓▓▓▓▓▓▓▓▓▓▓▓▓
▓..8©8...▓
▓..||)...▓
▓...[....▓
▓........▓
........▓
▓.▓.hh.▓.▓
▓..Y@....▓
▓▓▓▓▓▓▓▓▓▓


You could see 2 polar bears and an ice beast.

Vanquished Creatures
  A polar bear (D)
  An ice beast (D)
  A quasit (D)
  3 iron imps (D)
  A white imp (D)
  An ufetubus (D)
  An adder skeleton (D)
  A bat skeleton (D)
10 creatures vanquished.

Notes
Turn   | Place    | Note
-------+----------+-------------------------------------------
     0 | D        | KingBobo974 the Merfolk Skald began the quest for the Orb.
     0 | D        | Reached XP level 1. HP: 16/16 MP: 3/3
    15 | D        | Found a deep blue altar of Sif Muna.
    15 | D        | Found a bloodstained altar of Trog.
    15 | D        | Found a sacrificial altar of Ru.
    15 | D        | Found a stormy altar of Qazlal.
    15 | D        | Found an iron altar of Okawaru.
    16 | D        | Found a sparkling altar of Nemelex Xobeh.
    16 | D        | Found a blossoming altar of Fedhas.
    18 | D        | Found an ancient bone altar of Kikubaaqudgha.
    18 | D        | Found a viscous altar of Jiyva.
    18 | D        | Found a corrupted altar of Lugonu.
    18 | D        | Found a hazy altar of Hepliaklqana.
    18 | D        | Found a burning altar of Makhleb.
    18 | D        | Found an opulent altar of Gozag.
    58 | D        | Became a worshipper of Warmaster Okawaru
    72 | D        | Entered arena 1.
    72 | D        | Noticed a polar bear
    81 | D        | Reached skill level 4 in Polearms
    81 | D        | Reached skill level 1 in Armour
    81 | D        | Reached XP level 2. HP: 8/22 MP: 3/5
    89 | D        | Killed a polar bear
    89 | D        | Reached * piety under Okawaru
    89 | D        | Reached ** piety under Okawaru
    89 | D        | Reached skill level 8 in Polearms
    89 | D        | Reached skill level 5 in Spellcasting
    89 | D        | Reached XP level 3. HP: 26/27 MP: 3/10
    89 | D        | Reached XP level 4. HP: 32/33 MP: 3/11
    89 | D        | Reached XP level 5. HP: 37/38 MP: 3/13
   161 | D        | Entered arena 2.
   169 | D        | Reached skill level 9 in Polearms
   169 | D        | Reached XP level 6. HP: 44/44 MP: 12/14
   176 | D        | Got the ring "Viuw" {rPois Str+5 SInv}
   180 | D        | Entered arena 3.
   202 | D        | Reached skill level 10 in Polearms
   202 | D        | Reached skill level 5 in Armour
   213 | D        | Entered arena 4.
   213 | D        | Noticed a polar bear
   213 | D        | Noticed an ice beast
   213 | D        | Noticed an ice beast
   213 | D        | Noticed a polar bear
   225 | D        | Killed an ice beast
   225 | D        | Reached XP level 7. HP: 42/50 MP: 12/17
   236 | D        | Slain by a polar bear

Skill      XL: |  1  2  3  4  5  6 |
---------------+-------------------+-----
Polearms       | 4 8 9 10 | 10.6
Armour         | 1 4 5 |  5.4
Spellcasting   | 5 6 |  6.9
Charms         | 7 8 |  8.6
Fighting       | |  2.1
Dodging        | |  1.3

Action                   |  1- 3 |  4- 6 |  7- 9 || total
-------------------------+-------+-------+-------++-------
Melee: Lance             |    16 |    36 |    11 ||    63
  Use: Potion            |     1 |       |       ||     1
Armor: Crystal plate arm |    17 |    49 |    21 ||    87
Dodge: Dodged            |       |     2 |       ||     2
Block: Shield            |    34 |    73 |    30 ||   137
